 Dungeon Crawl Stone Soup version 0.20-a0-556-g892c87b (webtiles) character file.

19791 kae the Fencer (level 12, -11/112 HPs)
             Began as a Minotaur Fighter on Feb 5, 2017.
             Was a High Priest of Okawaru.
             Mangled by a two-headed ogre
             ... wielding a +0 giant club
             ... summoned by an orange crystal statue
              (22 damage)
             ... while paralysed
             ... on level 12 of the Dungeon.
             The game lasted 00:14:42 (12536 turns).

kae the Fencer (Minotaur Fighter)                  Turns: 12536, Time: 00:14:42

Health: -11/112    AC: 14    Str: 26    XL:     12   Next: 39%
Magic:  0/16       EV:  2    Int: -1 (6) God:    Okawaru [*****.]
Gold:   675        SH:  0    Dex:  9    Spells: 11/11 levels left

rFire    x . .     SeeInvis .   v - +1 scimitar (flame)
rCold    + . .     Gourm    .   b - +0 scale mail
rNeg     . . .     Faith    .   c - +0 shield
rPois    .         Spirit   +   (helmet restricted)
rElec    .         Reflect  .   y - +2 cloak
rCorr    .         Harm     .   (no gloves)
MR       .....                  g - +0 pair of boots
Stlth    ..........             s - amulet of guardian spirit
Regen    0.3/turn               k - ring of ice
                                (no ring)

@: paralysed, slowed, lost intelligence
A: retaliatory headbutt, horns 2
a: Heroism, Finesse, Renounce Religion


You were on level 12 of the Dungeon.
You worshipped Okawaru.
Okawaru was extremely pleased with you.
You were hungry.

You visited 2 branches of the dungeon, and saw 13 of its levels.

You collected 843 gold pieces.
You spent 168 gold pieces at shops.

Inventory:

Hand Weapons
 a - a +1 long sword
 v - a +1 scimitar of flaming (weapon)
 M - a +1 great sword
Armour
 b - a +0 scale mail (worn)
 c - a +0 shield (worn)
 g - a +0 pair of boots (worn)
 y - a +2 cloak (worn)
Jewellery
 k - a ring of ice (right hand)
 s - an amulet of guardian spirit (around neck)
 z - a +2 amulet of reflection {unknown}
 G - an uncursed amulet of magic regeneration {unknown}
 I - a cursed amulet of inaccuracy {unknown}
Wands
 n - a wand of acid (7/15)
Scrolls
 e - 3 scrolls of magic mapping
 j - 5 scrolls of teleportation
 l - 6 scrolls of remove curse
 m - a scroll of blinking
 o - 4 scrolls of fear
 q - 2 scrolls of enchant armour
 E - 2 scrolls of enchant weapon
 L - a scroll of identify
Potions
 d - 2 potions of magic
 h - 5 potions of curing
 i - 2 potions of brilliance {unknown}
 t - 2 potions of heal wounds
 u - 4 potions of flight
 x - 2 potions of might
 A - 2 potions of haste
 B - a potion of cure mutation
 C - 2 potions of resistance {unknown}
 D - a potion of ambrosia {unknown}
 J - 2 potions of degeneration {unknown}
Books
 H - a book of Maledictions

   Spells                             Type                      Level
   a - Corona                         Hexes                        1
   b - Ensorcelled Hibernation        Hexes/Ice                    2
   c - Confuse                        Hexes                        3
   d - Tukima's Dance                 Hexes                        3
   e - Dazzling Spray                 Conjuration/Hexes            3
Comestibles
 f - 13 bread rations
 p - 5 royal jellies
 r - 3 meat rations
 w - 12 fruits
 F - 10 chunks of flesh


   Skills:
 + Level 11.8 Fighting
 * Level 15.7 Long Blades
 + Level 12.2 Armour
 + Level 5.8 Shields
 + Level 7.9 Invocations


You had 11 spell levels left.
You didn't know any spells.

Dungeon Overview and Level Annotations

Branches:
Dungeon (12/15)            Temple (1/1) D:6            Lair (0/6) D:9
    Orc (0/2) D:12

Altars:
Cheibriados
Dithmenos
Elyvilon
Fedhas
Gozag
Hepliaklqana
Kikubaaqudgha
Makhleb
Nemelex Xobeh
Okawaru
Qazlal
Ru
Sif Muna
Trog
Uskayaw
Vehumet
Yredelemnul
Zin
The Shining One

Shops:
D:5 ?:%*

Annotations:
D:7 exclusion: 2 doors
D:12 exclusion: orange crystal statue


Innate Abilities, Weirdness & Mutations

You reflexively headbutt those who attack you in melee.
You have a pair of horns on your head.


Message History

The orc hits you but does no damage. You block the shadow imp's attack.
The orc hits you but does no damage.
The orc warrior hits you but does no damage.
The two-headed ogre barely misses you. The two-headed ogre closely misses you.
You hit the orange crystal statue but do no damage.
The orange crystal statue is almost destroyed.
The shadow imp gestures at you. Pain shoots through your body!
* * * LOW HITPOINT WARNING * * *
The hippogriff bites you but does no damage.
You block the hippogriff's attack. x2; The orc barely misses you.
The orange crystal statue fixes its piercing gaze on you.
You feel dopey.
You have lost your intelligence.
Something feeds on your intellect! The orc hits you with a flail.
* * * LOW HITPOINT WARNING * * *
The orc warrior hits you with a war axe.
* * * LOW HITPOINT WARNING * * *
The two-headed ogre hits you with a giant club!!
You die...

...#............#
.......###...#..#
... .......#
#...#..###.....
.......#
#..............
...#...#
#....#8.8#.....
...#...#
#...#8...8#....
...#...#
#...8.5o..8....
...#...#
#...#.o85.#..>.
...#...#
#...8.o@..8....
...#
#...#8oHO8#....
#....#8D8#.....
#..............
..................
##################


You could see an orange crystal statue, a two-headed ogre, a hippogriff, an orc
warrior, an acid dragon, a crimson imp, a shadow imp and 3 orcs.

Vanquished Creatures
  The ghost of kae the Basher, a journeyman MiFi of Okawaru (D:11)
  Harold (D:11)
  Erica (D:8)
  2 two-headed ogres
  An unseen horror (D:10)
  Pikel (D:7)
  The ghost of azzavlup the Geomancer, a novice GrEE of Sif Muna (D:6)
  An ugly thing (D:11)
  5 slime creatures (D:12)
  A gargoyle (D:10)
  A centaur skeleton (D:11)
  A freezing wraith (D:12)
  A kobold demonologist (D:12)
  A komodo dragon (D:9)
  3 trolls
  A meliai zombie (D:10)
  2 shadows (D:11)
  A spriggan (D:8)
  A wyvern (D:11)
  11 yaks (D:12)
  Menkaure (D:5)
  A water moccasin (D:8)
  An acid dragon (D:12)
  A black bear (D:10)
  An eye of draining (D:11)
  4 orc warriors
  2 sky beasts (D:7)
  9 ogres
  A necrophage (D:11)
  4 phantoms
  5 centaurs
  A crocodile (D:11)
  4 big kobolds
  10 bullfrogs
  3 scorpions
  A water moccasin skeleton (D:10)
  2 troll zombies (D:12)
  18 wights
  4 howler monkeys
  3 crimson imps
  2 quasits
  A centaur zombie (D:5)
  A jelly (D:12)
  13 orc priests
  7 hounds
  2 bullfrog skeletons
  Crazy Yiuf (D:2)
  4 iguanas
  Ijyb (D:3)
  Terence (D:2)
  Natasha (thrice) (D:2)
  15 orc wizards
  8 worker ants
  6 ogre zombies (D:12)
  A howler monkey zombie (D:6)
  Robin (D:2)
  A howler monkey skeleton (D:4)
  7 gnolls
  9 adders
  3 shadow imps
  2 oozes
  2 adder zombies
  5 worms
  4 dart slugs
  6 leopard geckos
  39 orcs
  2 ball pythons
  3 giant cockroaches
  28 goblins
  18 hobgoblins
  8 jackals
  3 quokkas
  3 bats (D:1)
  6 frilled lizards
  4 goblin skeletons (D:12)
  4 goblin zombies (D:12)
  2 hobgoblin skeletons (D:12)
  3 hobgoblin zombies (D:12)
  A jackal skeleton (D:3)
  26 kobolds
  A leopard gecko skeleton (D:5)
  A leopard gecko zombie (D:7)
  5 orc skeletons (D:12)
  7 orc zombies (D:12)
  6 rats
390 creatures vanquished.

Vanquished Creatures (others)
  3 slaves (D:7)
  3 plants
6 creatures vanquished.

Grand Total: 396 creatures vanquished

Notes
Turn   | Place    | Note
-------+----------+-------------------------------------------
     0 | D:1      | kae the Minotaur Fighter began the quest for the Orb.
     0 | D:1      | Reached XP level 1. HP: 19/19 MP: 0/0
   273 | D:1      | Reached XP level 2. HP: 27/27 MP: 1/1
   302 | D:1      | Found a sparkling altar of Nemelex Xobeh.
   534 | D:1      | Reached skill level 3 in Long Blades
   653 | D:2      | Reached XP level 3. HP: 24/33 MP: 2/2
   820 | D:2      | Reached XP level 4. HP: 27/40 MP: 3/3
   823 | D:2      | Reached skill level 4 in Long Blades
   976 | D:2      | Noticed Terence
   978 | D:2      | Noticed Robin
   990 | D:2      | Killed Terence
  1015 | D:2      | Killed Robin
  1015 | D:2      | Reached skill level 5 in Armour
  1099 | D:2      | Reached XP level 5. HP: 17/47 MP: 4/4
  1378 | D:2      | Noticed Natasha
  1385 | D:2      | Killed Natasha
  1385 | D:2      | Reached skill level 5 in Long Blades
  1404 | D:2      | Noticed Natasha
  1411 | D:2      | Killed Natasha
  1416 | D:2      | Noticed Natasha
  1420 | D:2      | Killed Natasha
  1582 | D:2      | Found a runed door.
  1724 | D:2      | Noticed Crazy Yiuf
  1726 | D:2      | Killed Crazy Yiuf
  1726 | D:2      | Reached XP level 6. HP: 55/55 MP: 5/5
  1773 | D:3      | Noticed Ijyb
  1781 | D:3      | Killed Ijyb
  1781 | D:3      | Reached skill level 5 in Fighting
  2053 | D:3      | Found a sacrificial altar of Ru.
  2332 | D:3      | Reached skill level 6 in Long Blades
  3337 | D:4      | Reached XP level 7. HP: 46/61 MP: 6/6
  3614 | D:5      | Entered Level 5 of the Dungeon
  3621 | D:5      | Reached skill level 7 in Long Blades
  3665 | D:5      | Found Xidwipp's Food Boutique.
  3690 | D:5      | Found Xasoh's Assorted Antiques.
  3923 | D:5      | Bought a metallic dark potion for 20 gold pieces
  3923 | D:5      | Bought an amethyst potion for 20 gold pieces
  3923 | D:5      | Bought a fizzy inky potion for 20 gold pieces
  3923 | D:5      | Bought a coppery potion for 20 gold pieces
  3967 | D:5      | Found Nub Udyl's Book Shoppe.
  4099 | D:5      | Found Pomalyrgh's Magic Scroll Boutique.
  4104 | D:5      | Reached skill level 8 in Long Blades
  4111 | D:5      | Bought a scroll of identify for 22 gold pieces
  4111 | D:5      | Bought a scroll of identify for 22 gold pieces
  4111 | D:5      | Bought a scroll of identify for 22 gold pieces
  4111 | D:5      | Bought a scroll of identify for 22 gold pieces
  4186 | D:5      | Noticed Menkaure
  4206 | D:5      | Killed Menkaure
  4206 | D:5      | Reached XP level 8. HP: 71/71 MP: 7/7
  4398 | D:6      | Noticed azzavlup's ghost (novice GrEE)
  4475 | D:6      | Killed azzavlup's ghost
  4475 | D:6      | Reached skill level 9 in Long Blades
  5039 | D:6      | Reached skill level 10 in Long Blades
  5052 | D:6      | Found a staircase to the Ecumenical Temple.
  5228 | Temple   | Entered the Ecumenical Temple
  5319 | Temple   | Became a worshipper of Warmaster Okawaru
  5594 | D:6      | Reached XP level 9. HP: 80/80 MP: 8/8
  5601 | D:6      | Reached skill level 1 in Invocations
  5900 | D:7      | Reached skill level 10 in Fighting
  5900 | D:7      | Reached skill level 13 in Long Blades
  5900 | D:7      | Reached skill level 10 in Armour
  5900 | D:7      | Reached skill level 5 in Invocations
  5900 | D:7      | Reached XP level 10. HP: 93/93 MP: 8/12
  5981 | D:7      | Reached * piety under Okawaru
  6533 | D:7      | Noticed Pikel
  6567 | D:7      | Killed Pikel
  6578 | D:7      | HP: 2/93 [electric eel/bolt of electricity (5)]
  7612 | D:8      | Reached ** piety under Okawaru
  8140 | D:8      | Noticed Erica
  8150 | D:8      | Killed Erica
  8339 | D:9      | Reached *** piety under Okawaru
  8399 | D:9      | Noticed a two-headed ogre
  8401 | D:9      | Reached XP level 11. HP: 100/101 MP: 11/14
  8410 | D:9      | Killed a two-headed ogre
  8410 | D:9      | Reached skill level 14 in Long Blades
  8525 | D:9      | Found a staircase to the Lair.
  9364 | D:10     | Entered Level 10 of the Dungeon
  9397 | D:10     | Killed an unseen horror
  9397 | D:10     | Reached **** piety under Okawaru
 10189 | D:11     | Found a glowing silver altar of Zin.
 10268 | D:11     | Noticed a two-headed ogre
 10275 | D:11     | Killed a two-headed ogre
 10275 | D:11     | Reached ***** piety under Okawaru
 10525 | D:11     | Noticed Harold
 10536 | D:11     | Noticed a white ugly thing
 10940 | D:11     | Noticed kae's ghost (journeyman MiFi)
 10959 | D:11     | Killed kae's ghost
 11172 | D:11     | Received a gift from Okawaru
 11249 | D:11     | Killed Harold
 11249 | D:11     | Reached skill level 15 in Long Blades
 11424 | D:11     | Killed a white ugly thing
 11424 | D:11     | Reached XP level 12. HP: 110/110 MP: 14/16
 11618 | D:11     | Reached skill level 5 in Shields
 11851 | D:12     | Found a staircase to the Orcish Mines.
 11969 | D:12     | Received a gift from Okawaru
 12521 | D:12     | Noticed a two-headed ogre
 12535 | D:12     | Lost intelligence.
 12536 | D:12     | Mangled by a two-headed ogre

Vault maps used:
D:1:      minmay_arrival_solitary_statue, minmay_misc_feat_encased,
          nemelex_altar_shiori
D:2:      first_bread, minmay_unequal, uniq_terence, uniq_crazy_yiuf_cottage,
          uniq_natasha, uniq_robin
D:3:      chequers_big_river, nicolae_ru_path_of_blood, uniq_iyjb
D:5:      serial_shops, shop, shop, nicolae_shop_crystal, shop, uniq_menkaure
D:6:      corexii_shantytown, minmay_temple_entry_nine_rooms
D:7:      cheibrodos_two_vegetables, uniq_pikel
D:8:      the_bakery, uniq_erica
D:9:      david_lair_shrubbed
D:11:     basic_altar, uniq_harold
D:12:     zombieorc2_lemuel, nicolae_trove_entry_path_of_doom, spider_trap,
          minmay_statue_bubble
Temple:   regret_index_temple_sigil_plot

Skill      XL: |  1  2  3  4  5  6  7  8  9 10 11 12 |
---------------+-------------------------------------+-----
Armour         | 4 5 6 8 10 11 12 | 12.2
Long Blades    | 3 4 5 6 8 10 13 15 | 15.7
Fighting       | 4 5 6 7 10 11 | 11.8
Invocations    | 5 6 7 |  7.9
Shields        | 4 5 |  5.8

Action                   |  1- 3 |  4- 6 |  7- 9 | 10-12 || total
-------------------------+-------+-------+-------+-------++-------
Melee: Long sword        |    61 |   160 |   188 |   263 ||   672
       Headbutt          |     8 |    33 |    45 |   160 ||   246
       Scimitar          |       |       |       |   450 ||   450
Invok: Heroism           |       |       |       |    11 ||    11
       Finesse           |       |       |       |     1 ||     1
  Use: Potion            |       |     2 |     3 |     5 ||    10
       Scroll            |       |    12 |     7 |     6 ||    25
 Stab: Invisible         |       |       |       |     8 ||     8
  Eat: Chunk             |       |     8 |     7 |    20 ||    35
       Fruit             |       |       |     1 |     2 ||     3
Armor: Scale mail        |    32 |    72 |    82 |   279 ||   465
Dodge: Dodged            |    21 |    52 |    48 |   191 ||   312
Block: Shield            |    34 |    81 |    77 |   300 ||   492
       Rpst.: Long sword |     3 |    11 |    10 |    15 ||    39
       Scimitar          |       |       |       |    34 ||    34
